 Dungeon Crawl Stone Soup version 0.16-a0-4097-gb4d75fa (webtiles) character file.

6080 Sixotanaka the Brawler (level 10, 0/85 HPs)
             Began as a Troll Warper on Feb 25, 2015.
             Was a High Priest of Cheibriados.
             Slain by an orc warlord
             ... wielding a +0 battleaxe of freezing
              (11 damage)
             ... on level 7 of the Dungeon.
             The game lasted 00:23:56 (7102 turns).

Sixotanaka the Brawler (Troll Warper)               Turns: 7102, Time: 00:23:56

Health: 0/85       AC:  8    Str: 32    XL:     10   Next: 58%
Magic:  4/7        EV: 12    Int: 20    God:    Cheibriados [*****.]
Gold:   450        SH:  0    Dex: 23    Spells: 4 memorised, 2 levels left

rFire  . . .     SeeInvis .       - Unarmed
rCold  . . .     Clarity  .     B - +2 robe {Archmagi}
rNeg   . . .     SustAb   .     (shield restricted)
rPois  .         Gourm    +     (helmet restricted)
rElec  .         Spirit   .     I - +0 cloak
rCorr  .         Warding  .     (gloves unavailable)
rMut   .         Stasis   .     (boots unavailable)
MR     +....                    (no amulet)
Stlth  ++........               (no ring)
                                z - ring of protection from magic

@: very slow, somewhat resistant to hostile enchantments, unstealthy
A: unfitting armour, claws 3, fast metabolism 3, gourmand, regeneration 2,
shaggy fur 1, tough skin 2
a: Bend Time, Temporal Distortion, Slouch, Step From Time, Renounce Religion


You were on level 7 of the Dungeon.
You worshipped Cheibriados.
Cheibriados was extremely pleased with you.
You were completely stuffed.

You visited 2 branches of the dungeon, and saw 8 of its levels.

You collected 478 gold pieces.
You spent 28 gold pieces at shops.


Innate Abilities, Weirdness & Mutations

You are too large for most types of armour.
You have claws for hands.
Your metabolism is lightning-fast.
You like to eat raw meat.
You heal very quickly.
You are covered in fur (AC +1).
You have very tough skin (AC +2).


   Skills:
 - Level 1.5 Fighting
 - Level 0.8 Throwing
 - Level 0.7 Armour
 + Level 3.0 Dodging
 - Level 15.0 Unarmed Combat
 - Level 1.2 Spellcasting
 - Level 2.1 Translocations


You had 2 spell levels left.
You knew the following spells:

 Your Spells              Type           Power        Failure   Level  Hunger
a - Shroud of Golubria    Chrm/Tloc      #.........   21%         2    ###....
b - Blink                 Tloc           N/A          12%         2    ###....
e - Apportation           Tloc           ###.......   10%         1    ##.....
y - Passage of Golubria   Tloc           N/A          71%         4    #####..


Dungeon Overview and Level Annotations

Branches:
Dungeon (7/15)             Temple (1/1) D:5

Altars:
Ashenzari
Cheibriados
Dithmenos
Elyvilon
Gozag
Kikubaaqudgha
Makhleb
Nemelex Xobeh
Okawaru
Ru
Sif Muna
Trog
Vehumet
Xom
Yredelemnul
Zin
The Shining One

Shops:
D:5 [   D:6 :

Inventory:

Hand weapons
 a - a +0 blowgun
Missiles
 e - 3 tomahawks of dispersal {!f}
 q - 199 stones (quivered)
 r - a throwing net
 s - 58 poisoned needles
 H - 2 large rocks
Armour
 d - a +0 robe of fire resistance
   (You bought it in a shop on level 5 of the Dungeon)
 B - a +2 robe of the Archmagi (worn)
   (You bought it in a shop on level 5 of the Dungeon)
 I - a +0 cloak (worn)
Jewellery
 b - a cursed ring of teleportation {unknown}
 g - an uncursed ring of positive energy {unknown}
 z - a ring of protection from magic (left claw)
Scrolls
 h - 6 scrolls of identify {@r1}
 m - 2 scrolls of enchant armour {unknown}
 n - a scroll of remove curse {@r2}
 p - 2 scrolls of random uselessness {unknown}
 u - 2 scrolls of magic mapping {unknown}
 v - 3 scrolls of recharging
 x - 3 scrolls of immolation {unknown}
 y - a scroll of brand weapon {unknown}
 A - a scroll of enchant weapon {unknown}
 F - a scroll of amnesia {unknown}
Potions
 i - a potion of brilliance
 j - 2 potions of ambrosia {!q}
 l - 2 potions of magic
 o - a potion of degeneration {unknown}
 w - a potion of curing {unknown}
 C - a potion of lignification {unknown}
 D - 2 potions of haste {unknown}
Books
 c - a book of Spatial Translocations
Comestibles
 f - 2 bread rations
 k - 10 fruits
 t - 4 meat rations
 E - a royal jelly

# ≈ #.').[[.......'....'....
#.#...))......#....#...
#.#####################
#...)..# . #..))..# o..
#.###'## ... ≈≈≈ #.#....# ..
#≈≈≈ #.#....###'######
#≈≈###'#....@ooo.....#
#≈≈#...######################
#≈≈#o..#........)............
#≈≈#####≈≈≈≈≈≈≈≈≈≈≈≈≈≈≈≈≈≈≈≈≈
#≈≈≈≈≈≈≈≈)≈≈≈≈≈≈≈≈≈≈≈≈≈≈≈≈≈≈≈
#≈≈≈≈≈≈≈≈≈≈÷≈≈≈≈≈≈≈≈)≈≈≈≈≈≈≈≈
#P...........................
#............P.............).
#############################


You could see an orc warlord (bleeding), an orc warrior (frenzied) and an orc
(frenzied).


Message History

You scratch the orc warrior.
You kill the orc warrior!
Cheibriados thoroughly appreciates the change of pace.
You can now step out of the time flow.
Cheibriados raises the support of your attributes as your movement slows.
Your Dodging skill increases to level 3!
You scratch the orc.
The orc begins to bleed from its wounds!
The orc hits you but does no damage.
You eviscerate the orc!!!
You kill the orc!
Cheibriados thoroughly appreciates the change of pace.
No target in view!
You start resting.
Things that are here:
an enchanted scimitar; a chain mail
Things that are here:
a falchion; a ring mail You see here a mace.
There is an open door here.
s - 58 poisoned needles (gained 20)
There is an open door here.
An orc comes into view. It is wielding a whip.
The orc shouts! x2 2 orc warriors come into view.
There are monsters nearby!
An orc warlord comes into view. It is wielding a battleaxe of freezing.
An orc comes into view. It is wielding a dagger.
The orc moves out of view.
You closely miss the orc.
The orc warlord roars a battlecry!
The orcs go into a battle-frenzy!
The orc hits you but does no damage.
The orc warrior shouts!
You claw the orc!
You kill the orc!
Cheibriados appreciates the change of pace.
There is an open door here.
You claw the orc!
You kill the orc!
Cheibriados appreciates the change of pace.
Okay, then.
You fail to use your ability.
The flow of time bends around you.
The orc warlord resists with almost no effort.
You feel slightly less full. The orc warlord closely misses you.
You mangle the orc warlord!!
The orc warlord begins to bleed from its wounds!
You claw the orc warlord, but do no damage.
You hear a shout!
You scratch the orc warlord but do no damage.
You claw the orc warlord, but do no damage.
The orc warlord closely misses you.
You barely miss the orc warlord. You claw the orc warlord!
You claw the orc warlord!
The orc warlord hits you with a battleaxe of freezing!!
The orc warlord freezes you.
You hear a shout!
An orc comes into view. It is wielding a falchion.
You claw the orc warlord! You claw the orc warlord! You claw the orc warlord.
The orc warlord hits you with a battleaxe of freezing!
The orc warlord freezes you.
You claw the orc warlord!
You claw the orc warlord, but do no damage.
You scratch the orc warlord but do no damage.
The orc warlord hits you with a battleaxe of freezing!!
* * * LOW HITPOINT WARNING * * *
The orc warlord freezes you!
You die...

Action                   |  1- 3 |  4- 6 |  7- 9 | 10-12 || total
-------------------------+-------+-------+-------+-------++-------
Melee: Unarmed           |    85 |   258 |   301 |   139 ||   783
 Fire: Blowgun           |       |       |    53 |    25 ||    78
Throw: Tomahawk          |       |       |     2 |       ||     2
       Stone             |       |       |     1 |       ||     1
 Cast: Blink             |       |       |     1 |     2 ||     3
Invok: Bend Time         |       |       |       |     1 ||     1
  Use: Scroll            |       |     4 |     6 |       ||    10
       Potion            |       |     1 |       |     1 ||     2
 Stab: Distracted        |       |       |     1 |     2 ||     3
       Sleeping          |       |       |     1 |     1 ||     2
  Eat: Chunk             |    10 |    21 |    22 |     8 ||    61

Vault maps used:
D:1:      lightli_arrival_maybe_door_vault
D:2:      first_bread, uniq_iyjb, uniq_sigmund, uniq_jessica
D:4:      hex_large
D:5:      serial_shops, shop_fountains, basic_altar, uniq_natasha, uniq_menkaure
D:6:      grunt_temple_overflow_open, serial_shops, nicolae_shop_stone,
          uniq_duvessa, uniq_grinder
D:7:      lemuel_castle_with_subvaults, uniq_eustachio, uniq_crazy_yiuf_cottage
Temple:   water_room_temple_b_12

Notes
Turn   | Place    | Note
--------------------------------------------------------------
     0 | D:1      | Sixotanaka, the Troll Warper, began the quest for the Orb.
     0 | D:1      | Reached XP level 1. HP: 19/19 MP: 2/2
   375 | D:1      | Reached XP level 2. HP: 27/27 MP: 2/2
   826 | D:2      | Reached skill level 3 in Unarmed Combat
   996 | D:2      | Reached XP level 3. HP: 29/33 MP: 3/3
  1089 | D:2      | Noticed Jessica
  1120 | D:2      | Killed Jessica
  1120 | D:2      | Reached skill level 4 in Unarmed Combat
  1170 | D:2      | Reached XP level 4. HP: 41/41 MP: 4/4
  1211 | D:2      | You fall through a shaft!
  1416 | D:3      | Reached skill level 5 in Unarmed Combat
  1425 | D:3      | Reached XP level 5. HP: 31/48 MP: 4/4
  1819 | D:3      | Reached skill level 6 in Unarmed Combat
  2244 | D:4      | Reached XP level 6. HP: 43/55 MP: 5/5
  2287 | D:4      | Noticed an ogre
  2295 | D:4      | Killed an ogre
  2492 | D:4      | Reached skill level 7 in Unarmed Combat
  2815 | D:5      | Entered Level 5 of the Dungeon
  2862 | D:5      | Noticed Guenter's ghost (average DsGl)
  2862 | D:5      | Found a staircase to the Ecumenical Temple.
  3000 | D:5      | HP: 11/55 [phantom (8)]
  3005 | D:5      | HP: 5/55 [phantom (3)]
  3016 | D:5      | Reached XP level 7. HP: 29/62 MP: 5/5
  3076 | D:5      | Found a shadowy altar of Dithmenos.
  3117 | D:5      | Reached skill level 8 in Unarmed Combat
  3187 | Temple   | Entered the Ecumenical Temple
  3199 | Temple   | Became a worshipper of Cheibriados the Contemplative
  3219 | Temple   | HP: 14/62 [sky beast (4)]
  3225 | Temple   | HP: 10/62 [poisoned by a worker ant]
  3230 | Temple   | HP: 11/62 [worker ant (1)]
  3235 | Temple   | HP: 10/62 [orc/falchion (2)]
  3360 | D:5      | Reached skill level 9 in Unarmed Combat
  3389 | D:5      | Noticed Menkaure
  3511 | D:5      | Noticed Natasha
  3517 | D:5      | Killed Menkaure
  3517 | D:5      | Reached XP level 8. HP: 20/70 MP: 6/6
  3519 | D:5      | Killed Natasha
  3545 | D:5      | Noticed Natasha
  3552 | D:5      | Killed Natasha
  3577 | D:5      | Reached skill level 10 in Unarmed Combat
  3689 | D:5      | Noticed Natasha
  3691 | D:5      | Killed Natasha
  3799 | D:5      | Found Ureih's Antique Armour Emporium.
  3814 | D:5      | Bought an embroidered robe for 14 gold pieces
  3814 | D:5      | Bought an embroidered robe for 14 gold pieces
  3840 | D:5      | Learned a level 2 spell: Blink
  3843 | D:5      | Learned a level 2 spell: Shroud of Golubria
  3848 | D:5      | Learned a level 4 spell: Passage of Golubria
  3875 | D:5      | Killed Guenter's ghost
  4023 | D:6      | Reached skill level 11 in Unarmed Combat
  4193 | D:6      | Found a bloodstained altar of Trog.
  4194 | D:6      | Found an iron altar of Okawaru.
  4195 | D:6      | Found a white marble altar of Elyvilon.
  4198 | D:6      | Found an opulent altar of Gozag.
  4201 | D:6      | Found a glowing golden altar of the Shining One.
  4202 | D:6      | Found a shadowy altar of Dithmenos.
  4276 | D:6      | Noticed Dowan
  4278 | D:6      | Noticed Duvessa
  4279 | D:6      | Found Bofut's Book Boutique.
  4288 | D:6      | Killed Duvessa
  4291 | D:6      | Killed Dowan
  4535 | D:6      | Reached XP level 9. HP: 33/76 MP: 7/7
  4742 | D:6      | Noticed Grinder
  4751 | D:6      | Killed Grinder
  4751 | D:6      | Reached skill level 12 in Unarmed Combat
  5186 | D:7      | Noticed Eustachio
  5410 | D:7      | Reached skill level 13 in Unarmed Combat
  5418 | D:7      | HP: 16/76 [centaur (5)]
  5554 | D:7      | Acquired Cheibriados' first power
  5566 | D:7      | HP: 9/76 [warg (13)]
  5863 | D:7      | Reached XP level 10. HP: 68/85 MP: 7/7
  5870 | D:7      | Reached skill level 14 in Unarmed Combat
  6370 | D:7      | Acquired Cheibriados' second power
  6514 | D:7      | Killed Eustachio
  6534 | D:7      | Noticed an orc knight
  6551 | D:7      | HP: 18/85 [orc knight/great sword (17)]
  6561 | D:7      | Killed an orc knight
  6691 | D:7      | Reached skill level 15 in Unarmed Combat
  6748 | D:7      | Noticed Crazy Yiuf
  6754 | D:7      | Killed Crazy Yiuf
  6800 | D:7      | Reached skill level 2 in Dodging
  7055 | D:7      | Acquired Cheibriados' third power
  7055 | D:7      | Reached skill level 3 in Dodging
  7086 | D:7      | Noticed an orc warlord
  7102 | D:7      | HP: 11/85 [orc warlord/battleaxe of freezing (34)]
  7102 | D:7      | Slain by an orc warlord

Vanquished Creatures
  An orc knight (D:7)
  Grinder (D:6)
  The ghost of Guenter the Chopper, an average DsGl of Ashenzari (D:5)
  Eustachio (D:7)
  14 wargs (D:7)
  Menkaure (D:5)
  3 phantoms
  3 centaurs
  3 ice beasts
  3 orc warriors
  A sky beast (Temple)
  3 ogres
  Duvessa (D:6)
  A giant frog (D:5)
  A big kobold (D:5)
  4 killer bees (D:7)
  A giant frog zombie (D:7)
  3 hounds
  Dowan (D:6)
  6 crimson imps
  4 goliath beetles
  5 orc priests
  A jelly (D:7)
  Crazy Yiuf (D:7)
  A giant frog skeleton (D:5)
  7 worker ants
  Natasha (thrice) (D:5)
  5 orc wizards
  A killer bee zombie (D:5)
  Jessica (D:2)
  A hound skeleton (D:4)
  3 worker ant zombies
  13 gnolls
  10 adders
  A shadow imp (D:7)
  2 giant mites (D:4)
  A worm (D:2)
  An ooze (D:6)
  42 orcs
  A ball python (D:4)
  8 bats
  A bat skeleton (D:6)
  A bat zombie (D:6)
  2 giant cockroaches
  5 goblins
  12 hobgoblins
  15 jackals
  7 quokkas
  3 giant geckos
  A giant gecko zombie (D:5)
  8 giant newts
  10 kobolds
  2 quokka skeletons (D:4)
  14 rats
  A plant (D:7)
247 creatures vanquished.
